EL
CORPUS CHRISTI HOOKS @ NORTHWEST ARKANSAS NATURALS
05/27/2048
 
TOP OF THE 1ST
Corpus Christi Hooks batting - Pitching for Northwest Arkansas Naturals : RHP Kevin Tumbleson
Pitching: RHP Kevin Tumbleson
Batting: RHB Ben Hoffman 0-0: Called Strike
0-1: Foul Ball, location: 2F
0-2: Ball
1-2: Strikes out swinging
Batting: LHB Bob Dietz 0-0: Ball
1-0: Ball
2-0: Ball
3-0: Called Strike
3-1: Called Strike
3-2: DOUBLE (Flyball, 78XD, EV 99.4 MPH)
Batting: RHB Mark Cahill 0-0: Ball
1-0: Ball
2-0: Called Strike
2-1: Swinging Strike
2-2: Foul Ball, location: 2F
2-2: TRIPLE (Flyball, 89XD, EV 101.2 MPH)
Bob Dietz scores
Batting: RHB Bruce Bermudez 0-0: Ball
1-0: Ball
2-0: Foul Ball, location: 2F
2-1: Ball
3-1: Foul Ball, location: 2F
3-2: Base on Balls
Batting: LHB Mark Dearth 0-0: Ball
1-0: Ball
2-0: Called Strike
2-1: Foul Ball, location: 2F
2-2: Ball
3-2: Fly out, F7 (Flyball, 78S, EV 90.6 MPH)
Batting: LHB Josh Corkery 0-0: Ball
1-0: Ball
2-0: Ball
3-0: Called Strike
3-1: Base on Balls
Bruce Bermudez to second
Batting: LHB Chris Cabrera 0-0: Called Strike
0-1: Fly out, F7 (Flyball, 78M, EV 86.9 MPH)
Top of the 1st over - 1 run, 2 hits, 0 errors, 3 left on base; Corpus Christi 1 - Northwest Arkansas 0
BOTTOM OF THE 1ST
Northwest Arkansas Naturals batting - Pitching for Corpus Christi Hooks : RHP Josh Willig
Pitching: RHP Josh Willig
Batting: SHB Ryoji Hiraoka 0-0: Foul Ball, location: 2F
0-1: Swinging Strike
0-2: Strikes out swinging
Batting: RHB Kazuki Arai 0-0: Foul Ball, location: 2F
0-1: SINGLE (Groundball, 5S, EV 64.4 MPH) (infield hit)
Batting: RHB Alex Cid 0-0: Ball
1-0: Foul Ball, location: 2F
1-1: Ball
2-1: Fly out, F5 (Popup, 5SF, EV 68.1 MPH)
Batting: RHB Andy Urquhart 0-0: Ball
1-0: Ball
2-0: Ball
3-0: Called Strike
3-1: Base on Balls
Kazuki Arai to second
Batting: RHB Edwin Ramos 0-0: Called Strike
0-1: Ball
1-1: Ball
2-1: Ball
3-1: Foul Ball, location: 2F
3-2: Foul Ball, location: 2F
3-2: Ground out 5-3 (Groundball, 56, EV 105.6 MPH)
Bottom of the 1st over - 0 runs, 1 hit, 0 errors, 2 left on base; Corpus Christi 1 - Northwest Arkansas 0
TOP OF THE 2ND
Corpus Christi Hooks batting - Pitching for Northwest Arkansas Naturals : RHP Kevin Tumbleson
Batting: RHB Masaru Konno 0-0: Called Strike
0-1: Foul Ball, location: 2F
0-2: Ball
1-2: Ball
2-2: SINGLE (Groundball, 56D, EV 96.2 MPH)
Batting: RHB Ben Minge 0-0: Swinging Strike
0-1: Ball
Wild Pitch!
Masaru Konno to second
1-1: Swinging Strike
1-2: Strikes out swinging
Batting: RHB Ben Hoffman 0-0: Ground out 6-3 (Groundball, 6, EV 86.2 MPH)
Batting: LHB Bob Dietz 0-0: Called Strike
0-1: Swinging Strike
0-2: Strikes out looking
Top of the 2nd over - 0 runs, 1 hit, 0 errors, 1 left on base; Corpus Christi 1 - Northwest Arkansas 0
BOTTOM OF THE 2ND
Northwest Arkansas Naturals batting - Pitching for Corpus Christi Hooks : RHP Josh Willig
Batting: RHB William Lung 0-0: Foul Ball, location: 2F
0-1: Foul Ball, location: 2F
0-2: Ball
1-2: Ball
2-2: Ground out 6-3 (Groundball, 6M, EV 105.0 MPH)
Batting: RHB Chad Sullivan 0-0: Ground out 5-3 (Groundball, 56S, EV 70.6 MPH)
Batting: RHB Eric Erickson 0-0: Ball
1-0: Foul Ball, location: 2F
1-1: Swinging Strike
1-2: Ball
2-2: Foul Ball, location: 2F
2-2: Ball
3-2: Strikes out swinging
Bottom of the 2nd over - 0 runs, 0 hits, 0 errors, 0 left on base; Corpus Christi 1 - Northwest Arkansas 0
TOP OF THE 3RD
Corpus Christi Hooks batting - Pitching for Northwest Arkansas Naturals : RHP Kevin Tumbleson
Batting: RHB Mark Cahill 0-0: Ball
1-0: SOLO HOME RUN (Flyball, 89XD, EV 116.2 MPH), Distance : 451 ft
Batting: RHB Bruce Bermudez 0-0: Ball
1-0: Swinging Strike
1-1: Ball
2-1: Swinging Strike
2-2: Strikes out swinging
Batting: LHB Mark Dearth 0-0: Ball
1-0: Ball
2-0: Called Strike
2-1: Ball
3-1: SINGLE (Groundball, 56D, EV 103.1 MPH)
Batting: LHB Josh Corkery 0-0: Called Strike
0-1: Ball
1-1: Called Strike
1-2: Ball
2-2: Strikes out swinging
Batting: LHB Chris Cabrera 0-0: Ball
1-0: Ball
2-0: Ground out U3 (Groundball, 3L, EV 108.8 MPH)
Top of the 3rd over - 1 run, 2 hits, 0 errors, 1 left on base; Corpus Christi 2 - Northwest Arkansas 0
BOTTOM OF THE 3RD
Northwest Arkansas Naturals batting - Pitching for Corpus Christi Hooks : RHP Josh Willig
Batting: SHB Danny Ballenger 0-0: Ball
1-0: Called Strike
1-1: Swinging Strike
1-2: Ball
2-2: Foul Ball, location: 2F
2-2: Foul Ball, location: 2F
2-2: Strikes out swinging
Batting: SHB Ryoji Hiraoka 0-0: Ball
1-0: Ball
2-0: Called Strike
2-1: Ball
3-1: Base on Balls
Batting: RHB Kazuki Arai 0-0: Foul Ball, location: 2F
0-1: Ball
1-1: Ball
2-1: Called Strike
2-2: Ball
3-2: Foul Ball, location: 2F
3-2: Base on Balls
Ryoji Hiraoka to second
Batting: RHB Alex Cid 0-0: Swinging Strike
0-1: Ball
1-1: Called Strike
1-2: Foul Ball, location: 2F
1-2: Strikes out swinging
Batting: RHB Andy Urquhart 0-0: Ball
1-0: Fly out, F7 (Line Drive, 7S, EV 106.2 MPH)
Bottom of the 3rd over - 0 runs, 0 hits, 0 errors, 2 left on base; Corpus Christi 2 - Northwest Arkansas 0
TOP OF THE 4TH
Corpus Christi Hooks batting - Pitching for Northwest Arkansas Naturals : RHP Kevin Tumbleson
Batting: RHB Masaru Konno 0-0: Ball
1-0: Ball
2-0: Swinging Strike
2-1: Swinging Strike
2-2: Foul Ball, location: 2F
2-2: Ball
3-2: Foul Ball, location: 2F
3-2: Base on Balls
Pitching: RHP Justin Potts
Batting: RHB Ben Minge 0-0: Ball
1-0: Ball
2-0: Foul Ball, location: 2F
2-1: Swinging Strike
2-2: Foul Ball, location: 2F
2-2: Foul Ball, location: 2F
2-2: Strikes out swinging
Batting: RHB Ben Hoffman 0-0: Ball
Masaru Konno steals 2nd, throwing error, E2
Masaru Konno to third
1-0: Called Strike
1-1: Ball
2-1: Foul Ball, location: 2F
2-2: Strikes out looking
Batting: LHB Bob Dietz 0-0: Ball
1-0: Ball
2-0: Called Strike
2-1: Ground out 4-3 (Groundball, 4, EV 95.0 MPH)
Top of the 4th over - 0 runs, 0 hits, 1 error, 1 left on base; Corpus Christi 2 - Northwest Arkansas 0
BOTTOM OF THE 4TH
Northwest Arkansas Naturals batting - Pitching for Corpus Christi Hooks : RHP Josh Willig
Batting: RHB Edwin Ramos 0-0: Called Strike
0-1: Foul Ball, location: 2F
0-2: Ball
1-2: Ball
2-2: Foul Ball, location: 2F
2-2: Ground out 5-3 (Groundball, 56S, EV 72.5 MPH)
Batting: RHB William Lung 0-0: Ball
1-0: Ball
2-0: Foul Ball, location: 2F
2-1: Foul Ball, location: 2F
2-2: Fly out, F3 (Popup, 3, EV 78.1 MPH)
Batting: RHB Chad Sullivan 0-0: Ball
1-0: Called Strike
1-1: Foul Ball, location: 2F
1-2: Strikes out swinging
Bottom of the 4th over - 0 runs, 0 hits, 0 errors, 0 left on base; Corpus Christi 2 - Northwest Arkansas 0
TOP OF THE 5TH
Corpus Christi Hooks batting - Pitching for Northwest Arkansas Naturals : RHP Justin Potts
Batting: RHB Mark Cahill 0-0: Swinging Strike
0-1: Swinging Strike
0-2: Ball
1-2: Ball
2-2: Strikes out swinging
Batting: RHB Bruce Bermudez 0-0: SINGLE (Groundball, 25, EV 73.8 MPH) (infield hit)
Batting: LHB Mark Dearth 0-0: Called Strike
Bruce Bermudez steals 2nd base
0-1: Ball
1-1: Swinging Strike
1-2: Strikes out swinging
Batting: LHB Josh Corkery 0-0: Ball
1-0: Fly out, F7 (Flyball, 7, EV 91.9 MPH)
Top of the 5th over - 0 runs, 1 hit, 0 errors, 1 left on base; Corpus Christi 2 - Northwest Arkansas 0
BOTTOM OF THE 5TH
Northwest Arkansas Naturals batting - Pitching for Corpus Christi Hooks : RHP Josh Willig
Batting: RHB Eric Erickson 0-0: Ball
1-0: Ball
2-0: Called Strike
2-1: Foul Ball, location: 2F
2-2: Ground out 3-1 (Groundball, 34S, EV 63.8 MPH)
Batting: SHB Danny Ballenger 0-0: Swinging Strike
0-1: Swinging Strike
0-2: Foul Ball, location: 2F
0-2: Foul Ball, location: 2F
0-2: Ball
1-2: Strikes out swinging
Batting: SHB Ryoji Hiraoka 0-0: Called Strike
0-1: Foul Ball, location: 2F
0-2: Ball
1-2: Fly out, F7 (Flyball, 7, EV 86.2 MPH)
Bottom of the 5th over - 0 runs, 0 hits, 0 errors, 0 left on base; Corpus Christi 2 - Northwest Arkansas 0
TOP OF THE 6TH
Corpus Christi Hooks batting - Pitching for Northwest Arkansas Naturals : RHP Justin Potts
Batting: LHB Chris Cabrera 0-0: Ball
1-0: Called Strike
1-1: Foul Ball, location: 2F
1-2: Foul Ball, location: 2F
1-2: Foul Ball, location: 2F
1-2: Ball
2-2: Foul Ball, location: 2F
2-2: Strikes out swinging
Pitching: RHP Brian Straub
Batting: RHB Masaru Konno 0-0: Called Strike
0-1: Fly out, F3 (Popup, 3SF, EV 71.2 MPH)
Batting: RHB Ben Minge 0-0: Ball
1-0: Called Strike
1-1: Swinging Strike
1-2: Ball
2-2: Strikes out looking
Top of the 6th over - 0 runs, 0 hits, 0 errors, 0 left on base; Corpus Christi 2 - Northwest Arkansas 0
BOTTOM OF THE 6TH
Northwest Arkansas Naturals batting - Pitching for Corpus Christi Hooks : RHP Josh Willig
Batting: RHB Kazuki Arai 0-0: Called Strike
0-1: Fly out, F1 (Line Drive, P, EV 70.0 MPH)
Batting: RHB Alex Cid 0-0: Called Strike
0-1: Ball
1-1: Ball
2-1: Ball
3-1: Fly out, F7 (Line Drive, 7LM, EV 95.6 MPH)
Batting: RHB Andy Urquhart 0-0: Foul Ball, location: 2F
0-1: Ball
1-1: Ball
2-1: Called Strike
2-2: Foul Ball, location: 2F
2-2: Strikes out swinging
Bottom of the 6th over - 0 runs, 0 hits, 0 errors, 0 left on base; Corpus Christi 2 - Northwest Arkansas 0
TOP OF THE 7TH
Corpus Christi Hooks batting - Pitching for Northwest Arkansas Naturals : RHP Brian Straub
Batting: RHB Ben Hoffman 0-0: Ball
1-0: Ball
2-0: Called Strike
2-1: Foul Ball, location: 2F
2-2: Ball
3-2: Fly out, F8 (Flyball, 8RD, EV 100.6 MPH)
Batting: LHB Bob Dietz 0-0: Swinging Strike
0-1: Foul Ball, location: 2F
0-2: Strikes out looking
Batting: RHB Mark Cahill 0-0: Ball
1-0: Ball
2-0: Called Strike
2-1: SINGLE (Line Drive, 9S, EV 105.0 MPH)
Batting: RHB Bruce Bermudez 0-0: Ball
1-0: Ground out U3 (Groundball, 3, EV 86.2 MPH)
Top of the 7th over - 0 runs, 1 hit, 0 errors, 1 left on base; Corpus Christi 2 - Northwest Arkansas 0
BOTTOM OF THE 7TH
Northwest Arkansas Naturals batting - Pitching for Corpus Christi Hooks : RHP Josh Willig
Pitching: RHP Elroy Meulenkamp
Batting: RHB Edwin Ramos 0-0: Ball
1-0: Called Strike
1-1: Foul Ball, location: 2F
1-2: Foul Ball, location: 2F
1-2: Ground out U3 (Groundball, 34S, EV 78.8 MPH)
Batting: RHB William Lung 0-0: Called Strike
0-1: Ball
1-1: Foul Ball, location: 2F
1-2: Strikes out swinging
Batting: RHB Chad Sullivan 0-0: Fly out, F3 (Popup, 3S, EV 78.1 MPH)
Bottom of the 7th over - 0 runs, 0 hits, 0 errors, 0 left on base; Corpus Christi 2 - Northwest Arkansas 0
TOP OF THE 8TH
Corpus Christi Hooks batting - Pitching for Northwest Arkansas Naturals : RHP Brian Straub
Pitching: RHP Mike Tuck
Batting: LHB Mark Dearth 0-0: Ball
1-0: Swinging Strike
1-1: Swinging Strike
1-2: Strikes out looking
Batting: LHB Josh Corkery 0-0: Ball
1-0: Ball
2-0: Called Strike
2-1: Swinging Strike
2-2: Strikes out swinging
Batting: LHB Chris Cabrera 0-0: Ball
1-0: Ground out 3-1 (Groundball, 34, EV 98.8 MPH)
Top of the 8th over - 0 runs, 0 hits, 0 errors, 0 left on base; Corpus Christi 2 - Northwest Arkansas 0
BOTTOM OF THE 8TH
Northwest Arkansas Naturals batting - Pitching for Corpus Christi Hooks : RHP Elroy Meulenkamp
Now at 2B: Masaru Konno
Now at 3B: Joel Vazquez
Batting: RHB Eric Erickson 0-0: Called Strike
0-1: SINGLE (Flyball, 78S, EV 95.6 MPH)
Batting: SHB Danny Ballenger 0-0: Ball
1-0: Foul Ball, location: 2F
1-1: Ball
2-1: Foul Ball, location: 2F
2-2: Ball
3-2: Strikes out swinging
Batting: SHB Ryoji Hiraoka 0-0: Ball
1-0: Called Strike
1-1: Ball
2-1: Ball
3-1: Called Strike
3-2: Foul Ball, location: 2F
3-2: Strikes out swinging
Eric Erickson steals 2nd base
Batter strikes out.
Batting: RHB Kazuki Arai 0-0: Ball
1-0: Ground out 6-3 (Groundball, 6, EV 83.1 MPH)
Bottom of the 8th over - 0 runs, 1 hit, 0 errors, 1 left on base; Corpus Christi 2 - Northwest Arkansas 0
TOP OF THE 9TH
Corpus Christi Hooks batting - Pitching for Northwest Arkansas Naturals : RHP Mike Tuck
Pitching: RHP Philip Terrell
Batting: RHB Masaru Konno 0-0: Fly out, F8 (Flyball, 8RD, EV 107.5 MPH)
Batting: RHB Ben Minge 0-0: Ball
1-0: Called Strike
1-1: Swinging Strike
1-2: Foul Ball, location: 2F
1-2: Foul Ball, location: 2F
1-2: Ball
2-2: Strikes out swinging
Batting: RHB Ben Hoffman 0-0: Ball
1-0: Called Strike
1-1: Foul Ball, location: 2F
1-2: Foul Ball, location: 2F
1-2: Ground out 4-3 (Groundball, 4, EV 83.8 MPH)
Top of the 9th over - 0 runs, 0 hits, 0 errors, 0 left on base; Corpus Christi 2 - Northwest Arkansas 0
BOTTOM OF THE 9TH
Northwest Arkansas Naturals batting - Pitching for Corpus Christi Hooks : RHP Elroy Meulenkamp
Pitching: LHP Miguel Yepez
Batting: RHB Alex Cid 0-0: Ground out 4-3 (Groundball, 4, EV 111.2 MPH)
Batting: RHB Andy Urquhart 0-0: Called Strike
0-1: Ball
1-1: Ball
2-1: Ball
3-1: Called Strike
3-2: Fly out, F9 (Flyball, 89S, EV 85.6 MPH)
Batting: RHB Edwin Ramos 0-0: Foul Ball, location: 2F
0-1: Ball
1-1: Called Strike
1-2: Ball
2-2: Foul Ball, location: 2F
2-2: SINGLE (Line Drive, 3D, EV 100.0 MPH)
Batting: RHB William Lung 0-0: Ball
1-0: Foul Ball, location: 2F
1-1: Swinging Strike
1-2: Ball
2-2: Strikes out swinging
Bottom of the 9th over - 0 runs, 1 hit, 0 errors, 1 left on base; Corpus Christi 2 - Northwest Arkansas 0
Tuesday, March 28th , 2023 - OOTP Baseball 23.10 Build 110